 Dungeon Crawl Stone Soup version 0.29-a0-841-g116ddc6ace (webtiles) character file.

Game seed: 164687282722824846

32 RevDB the Magician (level 3, 0/19 HPs)
             Began as a Deep Elf Hedge Wizard on July 14, 2022.
             Slain by a jackal (3 damage)
             ... on level 1 of the Dungeon.
             The game lasted 00:07:45 (407 turns).

RevDB the Magician (Deep Elf Hedge Wizard)           Turns: 407, Time: 00:07:46

Health: 0/19       AC:  3    Str:  7    XL:     3   Next: 10%
Magic:  4/10       EV: 12    Int: 20    God:
Gold:   35         SH:  0    Dex: 14    Spells: 7/10 levels left

rFire   . . .      SeeInvis .   a - +0 dagger
rCold   + . .      Faith    .   (no shield)
rNeg    . . .      Spirit   .   b - +0 robe
rPois   .          Reflect  .   e - +0 helmet
rElec   .          Harm     .   (no cloak)
rCorr   .          Rampage  .   (no gloves)
Will    .....                   (no boots)
Stlth   ++........              (no amulet)
HPRegen 0.06/turn               g - ring of protection from cold
MPRegen 0.12/turn               (no ring)

@: no status effects
A: no striking features
a: no special abilities


You were on level 1 of the Dungeon.
You visited 1 branch of the dungeon, and saw 1 of its levels.

You collected 35 gold pieces.

Inventory:

Hand Weapons
 a - a +0 dagger (weapon)
Armour
 b - a +0 robe (worn)
 c - a +0 hat
 e - a +0 helmet (worn)
Jewellery
 g - a ring of protection from cold (left hand)
Scrolls
 f - 3 scrolls of identify {unknown}
Potions
 d - a potion of magic
 h - a potion of lignification {unknown}


   Skills:
 - Level 2.4 Dodging
 - Level 2.4 Stealth
 - Level 4.4 Spellcasting
 + Level 3.0 Conjurations
 + Level 1.9 Summonings
 - Level 1.1 Translocations


You had 7 spell levels left.
You knew the following spells:

 Your Spells              Type           Power      Damage    Failure   Level
a - Magic Dart            Conj           64%        1d6       3%          1
b - Call Imp              Summ           12%        N/A       9%          2

Your spell library contained the following spells:

 Spells                   Type           Power      Damage    Failure   Level
 Slow                     Hex            16%        N/A       12%         1
 Blink                    Tloc           16%        N/A       12%         2
 Conjure Flame            Conj/Fire      10%        6-21      21%         3
 Mephitic Cloud           Conj/Pois/Air  8%         N/A       24%         3


Dungeon Overview and Level Annotations

Branches:
Dungeon (1/15)

Altars:


Message History

The slug dart hits your white imp.
Your white imp gestures at the dart slug.
The puff of frost hits the dart slug!
The dart slug dies!
Your Conjurations skill increases to level 3!
Aiming: Magic Dart (safe; 3% risk of failure)
Press: ? - help, Q - select action, (/) - cycle Shift-Dir - straight line, f - jackal
Aim: a jackal (lightly wounded, 100% to hit)
Okay, then.
What are your orders? t - Shout!
Orders for allies: a - Attack new target. r - Retreat! s - Stop attacking. g - Guard the area. f - Follow me.
Anything else - Cancel.
Gang up on whom?
Press: ? - help, Dir - move target, f - jackal
Aim: a jackal (lightly wounded) Attack!
The jackal bites you.
* * * LOW HITPOINT WARNING * * *
The jackal bites you.
* * * LOW HITPOINT WARNING * * *
Aiming: Magic Dart (safe; 3% risk of failure)
Press: ? - help, Q - select action, (/) - cycle Shift-Dir - straight line, f - jackal, p - jackal
Aim: a jackal (100% to hit)
The magic dart hits the jackal but does no damage.
The jackal closely misses you. The jackal barely misses you.
The jackal closely misses you.
Your white imp barely misses the goblin.
Your magical contamination has completely faded away.
You hit the jackal.
The jackal is heavily wounded.
The jackal misses you. The jackal closely misses you.
Your white imp gestures at the jackal.
The puff of frost hits the jackal!
The jackal dies!
You hit the jackal but do no damage.
The jackal is moderately wounded.
The jackal closely misses you. The jackal bites you.
You die...

#........).#.#
#..........#.### ##
#..........#...# ##.
#..........###.####..
#..[.......# #.##...#
##.##..##### #.##..##
#######.##.......
#....#.#
#................
#######.
#.......h@###..# #
#.......g## #.. #.
#........# ## #.#
#.........# ..#
#....).5†.[.. ..
#.............g
.........
#....†.........
..#.....
##......†...†..
.....[.
#.............
#......


You could see a jackal (ally target), a goblin and a friendly white imp
(summoned).

Vanquished Creatures
  4 ball pythons (D:1)
  An endoplasm (D:1)
  2 giant cockroaches (D:1)
  A goblin (D:1)
  A hobgoblin (D:1)
  2 jackals (D:1)
  2 bats (D:1)
  2 frilled lizards (D:1)
  2 kobolds (D:1)
  5 rats (D:1)
22 creatures vanquished.

Vanquished Creatures (collateral kills)
  A dart slug (D:1)
  An endoplasm (D:1)
  A hobgoblin (D:1)
  2 jackals (D:1)
  A kobold (D:1)
6 creatures vanquished.

Grand Total: 28 creatures vanquished

Notes
Turn   | Place    | Note
-------+----------+-------------------------------------------
     0 | D:1      | RevDB the Deep Elf Hedge Wizard began the quest for the
                  | Orb.
     0 | D:1      | Reached XP level 1. HP: 10/10 MP: 7/7
   140 | D:1      | Reached XP level 2. HP: 15/15 MP: 2/9
   147 | D:1      | Learned a level 2 spell: Call Imp
   400 | D:1      | Reached XP level 3. HP: 11/19 MP: 6/10
   407 | D:1      | Slain by a jackal

Illustrated notes

Levels and vault maps discovered:
D:1:      minmay_arrival_diagonal_passages, layout_rooms, nicolae_titane

Skill      XL: |  1  2  3 |
---------------+----------+-----
Conjurations   | 2 3 |  3.0
Dodging        | |  2.4
Stealth        | |  2.4
Spellcasting   | |  4.4
Summonings     | |  1.9
Translocations | |  1.1

Action                   || total
-------------------------++-------
Melee: Dagger            ||    34
 Cast: Magic Dart        ||    28
       Call Imp          ||     3
 Stab: Sleeping          ||     2
Armor: Robe              ||    15
Dodge: Dodged            ||    28

Table legend: (Time is in decaauts)
 A = Elapsed time spent in this place.
 B = Non-inter-level travel time spent in this place.
 C = Inter-level travel time spent in this place.
 D = Time resting spent in this place.
 E = Time spent auto-exploring this place.
 F = Levels seen in this place.
 G = Mean time per level.
                   A        B        C        D        E       F      G
               +--------+--------+--------+--------+--------+-----+--------+
         Total |    406 |    406 |      0 |     33 |      0 |   1 |  406.0 |
       Dungeon |    406 |    406 |      0 |     33 |      0 |   1 |  406.0 |
               +--------+--------+--------+--------+--------+-----+--------+

Top non-repeatable levels by time:
     D:1: 406 daAuts
